[Event "GER-ch Youth-U18w 2022"]
[Site "Willingen"]
[Date "2022.06.05"]
[Round "1.2"]
[White "Kroemer, Paulina"]
[Black "Heutling, Elina"]
[Result "1-0"]
[ECO "E91"]
[WhiteElo "1583"]
[BlackElo "1798"]
[Annotator "NA RC COMBH"]
[PlyCount "71"]
[EventDate "2022.06.05"]
[EventType "swiss"]
[EventRounds "9"]
[EventCountry "GER"]
[SourceTitle "playchess.com"]
[Source "ChessBase"]
[SourceQuality "1"]
[TimeControl "40/4500+30:900+30"]

1. d4 Nf6 2. Nf3 g6 3. c4 Bg7 4. Nc3 O-O 5. e4 d6 6. Be2 Nbd7 7. O-O c6 8. h3 e5 9. Be3 Qe7 10. Qc2 Re8 11. d5 c5 12. a3 Nh5 13. b4 Nf4 14. Nb5 Nf6 15. Bd3 a6 16. Nc3 Nd7 17. Rab1 Nxd3 18. Qxd3 f5 19. bxc5 f4 20. c6 fxe3 21. cxd7 Qxd7 22. Qxe3 Qc7 23. Na4 b5 24. cxb5 axb5 25. Nb6 Rb8 26. Rxb5 Ba6 27. Rc1 Qe7 28. Ra5 Qa7 29. Rc6 Re7 30. Kh2 Reb7 31. Nc4 Qxe3 32. Nxe3 Rb6 33. Ng5 Bd3 34. Rxb6 Rxb6 35. Ra8+ Bf8 36. Ne6 1-0

[Event "GER-ch Youth-U18w 2022"]
[Site "Willingen"]
[Date "2022.06.05"]
[Round "1.3"]
[White "Rudolph, Eva"]
[Black "Wilmink, Anna"]
[Result "1-0"]
[ECO "B38"]
[WhiteElo "1860"]
[BlackElo "1700"]
[Annotator "NA RC COMBH"]
[PlyCount "41"]
[EventDate "2022.06.05"]
[EventType "swiss"]
[EventRounds "9"]
[EventCountry "GER"]
[SourceTitle "playchess.com"]
[Source "ChessBase"]
[SourceQuality "1"]
[TimeControl "40/4500+30:900+30"]

1. e4 c5 2. Nf3 g6 3. d4 cxd4 4. Nxd4 Nc6 5. c4 Bg7 6. Be3 $1 Nf6 7. Nc3 O-O 8. Be2 d6 9. O-O Bd7 10. Qd2 Ng4 11. Bxg4 Bxg4 12. f3 Bd7 13. Rfd1 Ne5 14. b3 Rc8 15. Rac1 b6 $14 16. Nd5 f5 17. Bg5 Rf7 18. exf5 Bxf5 19. Qe3 Bf8 20. Nxf5 Rxf5 21. f4 1-0

[Event "GER-ch Youth-U18w 2022"]
[Site "Willingen"]
[Date "2022.06.05"]
[Round "1.4"]
[White "Berghold, Lotta"]
[Black "Basovskiy, Jana"]
[Result "*"]
[ECO "A05"]
[WhiteElo "1482"]
[BlackElo "1938"]
[Annotator "TA"]
[PlyCount "31"]
[EventDate "2022.06.05"]
[EventType "swiss"]
[EventRounds "9"]
[EventCountry "GER"]
[SourceTitle "playchess.com"]
[Source "ChessBase"]
[SourceQuality "1"]
[TimeControl "40/4500+30:900+30"]

1. Nf3 Nf6 2. g3 e6 3. Bg2 d5 4. d3 Bd6 5. O-O O-O 6. Nc3 {[%emt 0:00:00] A07: Réti Opening: New York and Capablanca Systems.} c6 7. e4 dxe4 8. Nxe4 Nxe4 9. dxe4 Qc7 10. Qe2 e5 {[%emt 0:00:13] [#]} 11. Nh4 $146 ({Predecessor:} 11. Be3 Bg4 12. h3 Bxf3 13. Bxf3 Nd7 14. Rad1 Nf6 15. Bg2 h6 16. f4 Qe7 17. Bc1 {½-½ (26) Michalska,M (2078)-Milewski,H (1939) Chojnice 2006}) 11... Be6 12. b3 Bc5 {[%emt 0:11:04] The position is equal.} 13. Bb2 Nd7 14. Rad1 Rfe8 15. h3 a5 16. a3 {[%emt 0:12:45] A rather calm draw.  Weighted Error Value: White=0.09 (flawless) /Black=0.04 (flawless)} *

[Event "GER-ch Youth-U18w 2022"]
[Site "Willingen"]
[Date "2022.06.05"]
[Round "1.5"]
[White "Schneider, Katharina"]
[Black "Goetten Wagner, Julia"]
[Result "0-1"]
[ECO "C54"]
[WhiteElo "1810"]
[BlackElo "1631"]
[Annotator "NA RC COMBH"]
[PlyCount "32"]
[EventDate "2022.06.05"]
[EventType "swiss"]
[EventRounds "9"]
[EventCountry "GER"]
[SourceTitle "playchess.com"]
[Source "ChessBase"]
[SourceQuality "1"]
[TimeControl "40/4500+30:900+30"]

1. e4 e5 2. Nf3 Nc6 3. Bc4 Bc5 4. c3 Nf6 5. d4 exd4 6. cxd4 Bb4+ 7. Bd2 Nxe4 8. Bxb4 Nxb4 9. Qe2 d5 10. a3 $17 Nc6 11. Bxd5 Qxd5 12. Nc3 Qe6 13. Nxe4 O-O 14. O-O Qg6 15. Ng3 Bg4 16. Rad1 Rfe8 0-1

[Event "GER-ch Youth-U18w 2022"]
[Site "Willingen"]
[Date "2022.06.05"]
[Round "1.6"]
[White "Gröschel, Karoline"]
[Black "Falke, Ornella"]
[Result "*"]
[ECO "B72"]
[WhiteElo "1546"]
[BlackElo "1844"]
[Annotator "NA RC COMBH"]
[PlyCount "31"]
[EventDate "2022.06.05"]
[EventType "swiss"]
[EventRounds "9"]
[EventCountry "GER"]
[SourceTitle "playchess.com"]
[Source "ChessBase"]
[SourceQuality "1"]
[TimeControl "40/4500+30:900+30"]

1. e4 c5 2. Nf3 d6 3. d4 cxd4 4. Nxd4 Nf6 5. Nc3 g6 6. Be3 Bg7 7. f3 a6 8. Qd2 h5 9. Be2 Nbd7 10. O-O-O b5 11. Kb1 Bb7 12. h4 $11 Rc8 13. Bf1 Nc5 14. Nb3 Na4 15. Nxa4 bxa4 {[%emt 0:00:04] 0.37} 16. Na5 *

[Event "GER-ch Youth-U18w 2022"]
[Site "Willingen"]
[Date "2022.06.05"]
[Round "1.7"]
[White "Dietz, Kristin"]
[Black "Jacoby, Angelina"]
[Result "1-0"]
[ECO "B01"]
[WhiteElo "1707"]
[BlackElo "1535"]
[Annotator "NA RC COMBH"]
[PlyCount "34"]
[EventDate "2022.06.05"]
[EventType "swiss"]
[EventRounds "9"]
[EventCountry "GER"]
[SourceTitle "playchess.com"]
[Source "ChessBase"]
[SourceQuality "1"]
[TimeControl "40/4500+30:900+30"]

1. e4 d5 2. exd5 Qxd5 3. Nc3 Qd8 4. d4 Nf6 5. Nf3 Bg4 6. h3 Bxf3 7. Qxf3 c6 8. Bf4 e6 9. O-O-O Bb4 10. Bc4 Nd5 11. Bxd5 cxd5 12. Qg4 O-O 13. Be5 g6 14. h4 Nd7 15. h5 Nxe5 16. dxe5 Bxc3 17. hxg6 Bxb2+ 1-0

[Event "GER-ch Youth-U18w 2022"]
[Site "Willingen"]
[Date "2022.06.05"]
[Round "1.8"]
[White "Kosak, Karolina"]
[Black "Orlova, Alicia"]
[Result "1/2-1/2"]
[ECO "B01"]
[WhiteElo "1471"]
[BlackElo "1724"]
[Annotator "NA RC COMBH"]
[PlyCount "91"]
[EventDate "2022.06.05"]
[EventType "swiss"]
[EventRounds "9"]
[EventCountry "GER"]
[SourceTitle "playchess.com"]
[Source "ChessBase"]
[SourceQuality "1"]
[TimeControl "40/4500+30:900+30"]

1. e4 d5 2. exd5 Nf6 3. Bb5+ Bd7 4. Be2 Nxd5 5. d4 e6 6. Nf3 c5 7. c4 Nf6 8. Nc3 cxd4 9. Nxd4 a6 10. O-O Qc7 11. h3 Bd6 12. Be3 O-O 13. Nf3 Nc6 14. Rc1 Ne7 15. Qb3 Bc5 16. Bxc5 Qxc5 17. Na4 Bxa4 18. Qxa4 Nc6 19. Qc2 Rfd8 20. Rfd1 Nh5 21. Rxd8+ Rxd8 22. Rd1 Rxd1+ 23. Qxd1 Nf4 24. Bf1 Qe7 25. Qd2 e5 26. g3 Ne6 27. Qd5 Ned4 28. Nxd4 exd4 29. a3 Qe6 30. Qxe6 fxe6 31. f4 Kf7 32. Kf2 e5 33. Kf3 Ke6 34. Ke4 exf4 35. gxf4 a5 36. Be2 Kd6 37. Bd1 Kc5 38. Kd3 Ne7 39. Bf3 Ng6 40. b4+ axb4 41. axb4+ Kxb4 42. Kxd4 Nxf4 43. Bxb7 Ne6+ 44. Kd5 Nf4+ 45. Kd4 Ne6+ 46. Kd5 1/2-1/2

[Event "GER-ch Youth-U18w 2022"]
[Site "Willingen"]
[Date "2022.06.05"]
[Round "1.9"]
[White "Albayrak, Nese Pinar"]
[Black "Mueller, Sophie Charlotte"]
[Result "1-0"]
[ECO "B06"]
[WhiteElo "1683"]
[BlackElo "1509"]
[Annotator "NA RC COMBH"]
[PlyCount "35"]
[EventDate "2022.06.05"]
[EventType "swiss"]
[EventRounds "9"]
[EventCountry "GER"]
[SourceTitle "playchess.com"]
[Source "ChessBase"]
[SourceQuality "1"]
[TimeControl "40/4500+30:900+30"]

1. e4 d6 2. d4 g6 3. Nc3 Bg7 4. Be3 Nd7 5. Nf3 a6 6. a4 Ngf6 7. h3 O-O 8. Bc4 h5 9. Qd2 e5 10. O-O b6 11. Rfe1 Bb7 12. Bh6 exd4 13. Nxd4 Re8 14. Bxg7 Kxg7 15. Qg5 Re5 16. Nf5+ Kg8 17. Qxg6+ Kf8 18. Qxf7# 1-0

[Event "GER-ch Youth-U18w 2022"]
[Site "Willingen"]
[Date "2022.06.05"]
[Round "1.10"]
[White "Sokyrko, Sofiia"]
[Black "Yue, Qizhou"]
[Result "0-1"]
[ECO "B21"]
[WhiteElo "1368"]
[BlackElo "1715"]
[Annotator "NA RC COMBH"]
[PlyCount "28"]
[EventDate "2022.06.05"]
[EventType "swiss"]
[EventRounds "9"]
[EventCountry "GER"]
[SourceTitle "playchess.com"]
[Source "ChessBase"]
[SourceQuality "1"]
[TimeControl "40/4500+30:900+30"]

1. e4 c5 2. d4 cxd4 3. c3 Nf6 4. e5 Nd5 5. c4 Nb4 6. Nf3 N4c6 7. Bf4 Qb6 8. Bd3 Qxb2 9. Nbd2 Nb4 10. Be4 N8c6 11. O-O Nxa2 12. Bxc6 dxc6 13. Nb3 Nc3 14. Qxd4 Ne2+ 0-1

[Event "GER-ch Youth-U18w 2022"]
[Site "Willingen"]
[Date "2022.06.05"]
[Round "2.1"]
[White "Albayrak, Nese Pinar"]
[Black "Bardorz, Jana"]
[Result "1/2-1/2"]
[ECO "C77"]
[WhiteElo "1683"]
[BlackElo "1974"]
[Annotator "TA"]
[PlyCount "66"]
[EventDate "2022.06.05"]
[EventType "swiss"]
[EventRounds "9"]
[EventCountry "GER"]
[SourceTitle "playchess.com"]
[Source "ChessBase"]
[SourceQuality "1"]
[TimeControl "40/4500+30:900+30"]

1. e4 e5 2. Nf3 Nc6 3. Bb5 a6 4. Ba4 Nf6 5. Nc3 b5 6. Bb3 Be7 7. d3 {[%emt 0:00:00] 7.a4 gains popularity.} d6 8. a3 {[%emt 0:00:00] C77: Ruy Lopez: 3...a6 4 Ba4 Nf6, unusual lines.} Be6 9. Nd5 h6 {[%emt 0:05:37] [#]} 10. h3 $146 {[%emt 0:00:00] White has an edge.} ({Predecessor:} 10. c3 O-O 11. O-O Nb8 12. Nxf6+ Bxf6 13. Bxe6 fxe6 14. d4 Nd7 15. dxe5 Bxe5 16. Nxe5 Nxe5 {1-0 (40) Poupalos,N (1940)-Koulouris,E (1710) Athens 2021}) 10... Nb8 11. Be3 (11. Nxe7 Qxe7 12. O-O O-O $11) 11... Nbd7 12. O-O c6 (12... Nxd5 $11 13. exd5 (13. Bxd5 Bxd5 14. exd5 f5 $11) 13... Bf5) 13. Nxe7 Qxe7 14. Bxe6 Qxe6 15. Re1 O-O 16. Nh4 d5 17. Qf3 Kh7 18. Nf5 Ne8 19. Qg4 Rd8 20. Bd2 {[%emt 0:04:06] White is much more active. The black rooks are badly placed.} dxe4 21. Ba5 (21. Rxe4 $2 Ndf6 22. Qe2 Qxf5 $19) (21. Qxe4 $16 {Black must now prevent Nxh6+.} Kh8 22. a4) 21... Ndf6 $11 22. Qh4 Rc8 (22... Rd7 $1 $11 {deserves consideration.} 23. Bb4 (23. dxe4 Nd6 $11) 23... Qxf5 24. Bxf8 (24. dxe4 Nxe4 25. Bxf8 N8f6 $11) 24... exd3) 23. dxe4 $14 Nd6 24. Nxd6 Qxd6 25. Rad1 $36 {[%emt 0:00:18][%mdl 2048] White is more active.} Qe6 26. Rd3 c5 27. Qg3 Rc6 28. f3 Rd6 29. Red1 Rxd3 30. Rxd3 Nh5 {[%emt 0:02:19] [#]} (30... Re8 $11 {keeps the balance.}) 31. Qg4 $1 $16 Qxg4 32. hxg4 ({But not} 32. fxg4 $6 Nf6 $11) 32... Nf4 33. Rd6 Ra8 {[%emt 0:00:58] Weighted Error Value: White=0.07 (flawless) /Black=0.21 (precise)} 1/2-1/2

[Event "GER-ch Youth-U18w 2022"]
[Site "Willingen"]
[Date "2022.06.05"]
[Round "2.2"]
[White "Yue, Qizhou"]
[Black "Rudolph, Eva"]
[Result "1/2-1/2"]
[ECO "B41"]
[WhiteElo "1715"]
[BlackElo "1860"]
[Annotator "NA RC COMBH"]
[PlyCount "73"]
[EventDate "2022.06.05"]
[EventType "swiss"]
[EventRounds "9"]
[EventCountry "GER"]
[SourceTitle "playchess.com"]
[Source "ChessBase"]
[SourceQuality "1"]
[TimeControl "40/4500+30:900+30"]

1. e4 c5 2. Nf3 e6 3. d4 cxd4 4. Nxd4 a6 5. c4 Nf6 6. Nc3 Qc7 7. Be2 Bb4 $14 8. Qd3 Nc6 9. Nxc6 dxc6 10. a3 Be7 11. Be3 e5 12. c5 Be6 13. b4 O-O 14. O-O Rad8 15. Qc2 Nd7 16. Rad1 Kh8 17. f4 exf4 18. Bxf4 Ne5 19. Kh1 Bf6 20. Na4 Rxd1 21. Rxd1 Rd8 22. Nb6 Qe7 23. Rd2 Qe8 24. Qd1 Rxd2 25. Qxd2 Nd7 26. Nxd7 Qxd7 27. Qxd7 Bxd7 28. Bc4 Be6 29. Bxe6 fxe6 30. e5 Bh4 31. g3 Bd8 32. Bd2 Kg8 33. Kg2 Bc7 34. Bc3 Bd8 35. Bd2 Bc7 36. Bc3 Bd8 37. Bd2 1/2-1/2

[Event "GER-ch Youth-U18w 2022"]
[Site "Willingen"]
[Date "2022.06.05"]
[Round "2.3"]
[White "Falke, Ornella"]
[Black "Dartmann Aubanell, Catriona"]
[Result "1-0"]
[ECO "C11"]
[WhiteElo "1844"]
[BlackElo "1874"]
[Annotator "NA RC COMBH"]
[PlyCount "81"]
[EventDate "2022.06.05"]
[EventType "swiss"]
[EventRounds "9"]
[EventCountry "GER"]
[SourceTitle "playchess.com"]
[Source "ChessBase"]
[SourceQuality "1"]
[TimeControl "40/4500+30:900+30"]

1. e4 e6 2. d4 d5 3. Nc3 Nf6 4. e5 Nfd7 5. f4 c5 6. Nf3 Nc6 7. Be3 Be7 8. Qd2 a6 9. dxc5 Nxc5 10. h4 b5 11. a3 Bd7 12. h5 Na7 13. Qf2 Qc7 14. Be2 a5 15. Bd3 b4 16. axb4 Nxd3+ 17. cxd3 Bxb4 18. O-O Nb5 19. Na4 O-O 20. Rfc1 Qb7 21. h6 g6 22. Qh4 f5 23. exf6 Nd6 24. Nc5 Qa7 25. g4 Rac8 26. d4 Nc4 27. Bf2 Nd2 28. Ne5 Bxc5 29. dxc5 Qc7 30. Ra3 Be8 31. Bd4 Nc4 32. Rg3 Rb8 33. Rg2 Bf7 34. g5 Nxe5 35. Bxe5 Qc6 36. Bxb8 Rxb8 37. Qg3 Rb5 38. Qc3 Rb4 39. Qe5 Re4 40. Qd6 Qa4 41. c6 1-0

[Event "GER-ch Youth-U18w 2022"]
[Site "Willingen"]
[Date "2022.06.05"]
[Round "2.4"]
[White "Goetten Wagner, Julia"]
[Black "Dietz, Kristin"]
[Result "1-0"]
[ECO "B40"]
[WhiteElo "1631"]
[BlackElo "1707"]
[Annotator "NA RC COMBH"]
[PlyCount "89"]
[EventDate "2022.06.05"]
[EventType "swiss"]
[EventRounds "9"]
[EventCountry "GER"]
[SourceTitle "playchess.com"]
[Source "ChessBase"]
[SourceQuality "1"]
[TimeControl "40/4500+30:900+30"]

1. e4 c5 2. Nf3 e6 3. g3 Nc6 4. Bg2 g6 5. c3 Bg7 6. d4 d6 7. O-O Nge7 8. d5 exd5 9. exd5 Ne5 10. Nxe5 Bxe5 11. Bf4 Bxf4 12. Qa4+ b5 13. Qxf4 Bb7 14. Qf6 O-O 15. Rd1 Re8 16. Na3 Qd7 17. c4 bxc4 18. Nxc4 Rad8 19. Ne3 Nf5 20. Bh3 Qe7 21. Ng4 h5 22. Qxe7 Rxe7 23. Nf6+ Kg7 24. Nxh5+ gxh5 25. Bxf5 Re5 26. Bh3 Bxd5 27. f4 Re2 28. Rxd5 Rxb2 29. Rxh5 c4 30. Rg5+ Kf6 31. Rd5 c3 32. Rc1 Rxa2 33. Rxc3 a5 34. Rc6 Ke7 35. Rc7+ Kf6 36. Rf5+ Kg6 37. Rcxf7 Rh8 38. R5f6+ Kh5 39. Rg7 Ra1+ 40. Kg2 Ra2+ 41. Kf3 Ra3+ 42. Ke2 Re8+ 43. Be6 Ra2+ 44. Kd3 Ra3+ 45. Kd2 1-0

[Event "GER-ch Youth-U18w 2022"]
[Site "Willingen"]
[Date "2022.06.05"]
[Round "2.5"]
[White "Basovskiy, Jana"]
[Black "Kroemer, Paulina"]
[Result "1/2-1/2"]
[ECO "B28"]
[WhiteElo "1938"]
[BlackElo "1583"]
[Annotator "TA"]
[PlyCount "89"]
[EventDate "2022.06.05"]
[EventType "swiss"]
[EventRounds "9"]
[EventCountry "GER"]
[SourceTitle "playchess.com"]
[Source "ChessBase"]
[SourceQuality "1"]
[TimeControl "40/4500+30:900+30"]

1. e4 {[%emt 0:00:00] Horn,Pe} c5 2. Nf3 a6 3. g3 b5 4. Bg2 Bb7 5. d3 e6 6. O-O {[%emt 0:02:25] B28: Sicilian: 2 Nf3 a6 (O'Kelly Variation).} Be7 7. Re1 Nf6 8. Nbd2 (8. e5 $5 Nd5 9. c4 $14) 8... O-O 9. e5 $1 Ne8 10. Ne4 {[%emt 0:02:47] [#]} d5 $146 ({Predecessor:} 10... f5 11. exf6 Nxf6 12. Nfg5 Nc6 13. Nxf6+ gxf6 14. Nf3 Qc7 15. c3 Kh8 16. Bf4 Bd6 17. Bxd6 Qxd6 {0-1 (33) Cabrilo,G (2490)-Vukovic,Z (2395) Niksic 1991 CBM 024 [Horn,Pe]}) 11. Ned2 (11. exd6 $5 Bxd6 12. Bg5 $14) 11... Nc6 12. Nf1 Nc7 13. h4 d4 14. h5 Nd5 (14... h6 $1 $15) 15. h6 $14 g6 16. N1h2 Qc7 17. Ng4 f5 (17... Nb8 $14) 18. exf6 $1 $18 Nxf6 19. Bf4 (19. Ng5 $142) 19... Qc8 $16 20. Ng5 {[%emt 0:05:10] White is more active.} (20. Nxf6+ $16 Bxf6 21. Bd6) 20... Nxg4 $14 21. Qxg4 e5 (21... Bxg5 $14 22. Qxg5 (22. Bxg5 Rf5 $14) 22... Rf5) 22. Qxc8 $18 Raxc8 23. Bd5+ Kh8 24. Bxc6 $2 (24. Rxe5 $18 {and White stays clearly on top.} Bf6 25. Re6 Bxg5 26. Bxg5) 24... Bxc6 $16 25. Bxe5+ Kg8 26. Bf4 Bxg5 27. Bxg5 Bf3 28. Re7 (28. Re5 $5 ) 28... Rf5 $2 {[%emt 0:00:57][%mdl 8192] [#]} (28... Rce8 $14) 29. Bh4 $2 (29. Rg7+ $1 $18 Kf8 30. Be7+ (30. Rxh7 $2 Rxg5 31. g4 Rxg4+ 32. Kh2 Kg8 $19) 30... Ke8 31. Re1) 29... Rh5 $14 30. Rg7+ Kh8 31. Re1 {[%emt 0:00:29][%cal Og7c7] White threatens Rc7! and mate.} Rxh6 32. Ree7 $40 {[%emt 0:00:37][%mdl 128] White has some attack.} (32. Rf7 $1 $14 g5 33. Rxf3 gxh4 34. gxh4) 32... Rg8 (32... Rf8 $11) 33. Rgf7 $16 {[%emt 0:01:18] [#] Threatening mate with Bf6+.} g5 {[%emt 0:01:10] Strongly threatening ...Bd5.} 34. Rxf3 {[%emt 0:00:42][%cal Oh4g5] Bxg5! is the strong threat.} gxh4 {[%emt 0:00:03][%mdl 4096] Endgame KRR-KRR} 35. Kg2 hxg3 36. fxg3 Rhg6 37. Kf2 (37. a3 $14) 37... R6g7 (37... Rh6 $1 $11 {keeps the balance.}) 38. Rff7 Rxf7+ 39. Rxf7 $14 {[%emt 0:00:02] KR-KR} Re8 ({Black should try} 39... c4 $1 $14) 40. Rf5 (40. Rf6 $16) 40... c4 $11 41. Rd5 Rc8 (41... Rf8+ $11 42. Ke2 cxd3+ 43. cxd3 (43. Kxd3 Rf3+ 44. Kxd4 Rxg3 $14) 43... Re8+ 44. Kf2 Rf8+ 45. Kg2 Re8) 42. Ke2 ({White should play} 42. Rxd4 $16 {Threatening dxc4.} cxd3 43. c3 (43. cxd3 Rc2+ 44. Kf3 Rxb2 $11)) 42... c3 43. b3 Re8+ 44. Kf2 Rf8+ 45. Ke2 {[%emt 0:01:28] Weighted Error Value: White=0.47/Black=0.59} 1/2-1/2

[Event "GER-ch Youth-U18w 2022"]
[Site "Willingen"]
[Date "2022.06.05"]
[Round "2.6"]
[White "Orlova, Alicia"]
[Black "Berghold, Lotta"]
[Result "1-0"]
[ECO "C00"]
[WhiteElo "1724"]
[BlackElo "1482"]
[Annotator "NA RC COMBH"]
[PlyCount "73"]
[EventDate "2022.06.05"]
[EventType "swiss"]
[EventRounds "9"]
[EventCountry "GER"]
[SourceTitle "playchess.com"]
[Source "ChessBase"]
[SourceQuality "1"]
[TimeControl "40/4500+30:900+30"]

1. e4 e6 2. d4 d5 3. Bd3 dxe4 4. Bxe4 Nf6 5. Bf3 Be7 6. Ne2 O-O 7. O-O c5 8. c4 Qc7 9. Bf4 Bd6 10. Bxd6 Qxd6 11. Nbc3 a6 12. Na4 cxd4 13. Qxd4 Qxd4 14. Nxd4 Nbd7 15. Rfe1 g6 16. Rac1 Rb8 17. b4 e5 18. Nb3 b6 19. c5 bxc5 20. bxc5 Rb4 21. Nc3 Re8 22. Nd5 Nxd5 23. Bxd5 Nf6 24. Bc4 Ra4 25. Nd2 Bb7 26. Bb3 Rd4 27. c6 Rxd2 28. cxb7 Rdd8 29. Rc7 Rf8 30. Rec1 Rb8 31. Rxf7 Rxf7 32. Rc8+ Kg7 33. Rxb8 Rc7 34. Kf1 Re7 35. Rg8+ Nxg8 36. b8=Q Nf6 37. Qd6 1-0

[Event "GER-ch Youth-U18w 2022"]
[Site "Willingen"]
[Date "2022.06.05"]
[Round "2.7"]
[White "Heutling, Elina"]
[Black "Kosak, Karolina"]
[Result "1-0"]
[ECO "C77"]
[WhiteElo "1798"]
[BlackElo "1471"]
[Annotator "NA RC COMBH"]
[PlyCount "60"]
[EventDate "2022.06.05"]
[EventType "swiss"]
[EventRounds "9"]
[EventCountry "GER"]
[SourceTitle "playchess.com"]
[Source "ChessBase"]
[SourceQuality "1"]
[TimeControl "40/4500+30:900+30"]

1. e4 e5 2. Nf3 Nc6 3. Bb5 a6 4. Ba4 Nf6 5. d3 d6 6. c4 g6 7. Nc3 Bg7 8. h3 O-O 9. Be3 Bd7 10. O-O Ne7 11. Bb3 c5 12. Ba4 Qa5 13. Bxd7 Nxd7 14. Bg5 Nc6 15. Nd5 f6 16. Bd2 Qd8 17. Rb1 Nd4 18. Nxd4 exd4 19. b4 Rb8 20. Bf4 Ne5 21. Bxe5 fxe5 22. bxc5 dxc5 23. Rb6 Rf7 24. Qe2 Bf8 25. Rfb1 Bd6 26. Qg4 Bf8 27. Qe6 Bg7 28. Rxb7 Rbxb7 29. Rxb7 Qf8 30. Rc7 h5 1-0

[Event "GER-ch Youth-U18w 2022"]
[Site "Willingen"]
[Date "2022.06.05"]
[Round "2.8"]
[White "Jacoby, Angelina"]
[Black "Schneider, Katharina"]
[Result "0-1"]
[ECO "D00"]
[WhiteElo "1535"]
[BlackElo "1810"]
[Annotator "NA RC COMBH"]
[PlyCount "143"]
[EventDate "2022.06.05"]
[EventType "swiss"]
[EventRounds "9"]
[EventCountry "GER"]
[SourceTitle "playchess.com"]
[Source "ChessBase"]
[SourceQuality "1"]
[TimeControl "40/4500+30:900+30"]

1. d4 d5 2. Bf4 e6 3. e3 Bd6 4. Bg3 Nf6 5. Nd2 O-O 6. Ngf3 b6 7. Bd3 c5 8. c3 Ba6 9. Bxa6 Nxa6 10. Ne5 Nb8 11. Bh4 Nbd7 12. Ndf3 Qc7 13. Bg3 Ne4 14. Nxd7 Qxd7 15. Bxd6 Qxd6 16. O-O f6 17. Nd2 Ng5 18. Nf3 Nf7 19. Qd2 Rad8 20. Rad1 e5 21. dxe5 Nxe5 22. Nxe5 fxe5 23. Qc2 Rf6 24. Rd2 Qe6 25. Rfd1 Rg6 26. Qd3 Rd6 27. Qf1 Rg4 28. a3 Qf7 29. f3 Rh4 30. Qf2 Rhh6 31. Rd3 Rd7 32. R3d2 Rhd6 33. Qg3 Qf6 34. Qf2 h6 35. Qe2 Kh8 36. Qf2 a6 37. Qe2 b5 38. Qd3 d4 39. exd4 exd4 40. cxd4 Rxd4 41. Qe2 c4 42. Qe3 Rxd2 43. Rxd2 Re7 44. Qf2 Qg6 45. Rd1 Qe8 46. Kf1 Qc6 47. Qd2 Kh7 48. h3 Qb6 49. Qd4 Qe6 50. Qd2 Qe3 51. Qc2+ g6 52. Rc1 Rd7 53. Rd1 Re7 54. Rc1 h5 55. Rd1 Qf4 56. Qc3 Qh2 57. Kf2 h4 58. Rd8 Qg3+ 59. Kf1 Qe5 60. Qxe5 Rxe5 61. Rd2 Re3 62. Rc2 Rb3 63. Ke1 Kh6 64. Kd2 Kg5 65. Kc1 Kf4 66. Kd2 Rd3+ 67. Ke2 Kg3 68. Ke1 g5 69. Kf1 Rd1+ 70. Ke2 Rg1 71. Ke3 Rxg2 72. Kd4 0-1

[Event "GER-ch Youth-U18w 2022"]
[Site "Willingen"]
[Date "2022.06.05"]
[Round "2.9"]
[White "Cheredzhiyska, Iva"]
[Black "Mueller, Sophie Charlotte"]
[Result "1-0"]
[ECO "C41"]
[WhiteElo "1696"]
[BlackElo "1509"]
[Annotator "NA RC COMBH"]
[PlyCount "91"]
[EventDate "2022.06.05"]
[EventType "swiss"]
[EventRounds "9"]
[EventCountry "GER"]
[SourceTitle "playchess.com"]
[Source "ChessBase"]
[SourceQuality "1"]
[TimeControl "40/4500+30:900+30"]

1. e4 e5 2. Nf3 d6 3. d4 exd4 4. Nxd4 Nf6 5. Nc3 Be7 6. Be2 O-O 7. O-O c5 8. Nb3 a6 9. a4 Re8 10. f3 Nc6 11. Bc4 Be6 12. Nd5 Ne5 13. Qe2 Nxc4 14. Qxc4 Nxd5 15. exd5 Bd7 16. Qf4 b5 17. Nd2 Qb6 18. a5 Qb7 19. Ne4 Qxd5 20. Be3 Qc6 21. Rae1 d5 22. Nf2 Qd6 23. Nd3 d4 24. Bd2 Be6 25. Re2 h6 26. Rfe1 g5 27. Qe4 Ra7 28. f4 g4 29. f5 Bxf5 30. Qxf5 Kh8 31. Bf4 Qc6 32. Ne5 Qf6 33. Nxf7+ Kg8 34. Nxh6+ Kf8 35. Qxf6+ Bxf6 36. Rxe8+ Kg7 37. Nxg4 c4 38. Nxf6 Kxf6 39. Be5+ Kf7 40. Bxd4 Rd7 41. c3 b4 42. h4 bxc3 43. Bxc3 Rd5 44. R1e7+ Kg6 45. Rg7+ Kf5 46. Rg5+ 1-0

[Event "GER-ch Youth-U18w 2022"]
[Site "Willingen"]
[Date "2022.06.05"]
[Round "2.10"]
[White "Wilmink, Anna"]
[Black "Sokyrko, Sofiia"]
[Result "0-1"]
[ECO "C40"]
[WhiteElo "1700"]
[BlackElo "1368"]
[Annotator "NA RC COMBH"]
[PlyCount "248"]
[EventDate "2022.06.05"]
[EventType "swiss"]
[EventRounds "9"]
[EventCountry "GER"]
[SourceTitle "playchess.com"]
[Source "ChessBase"]
[SourceQuality "1"]
[TimeControl "40/4500+30:900+30"]

1. e4 e5 2. Nf3 d5 3. exd5 e4 4. Nd4 Qxd5 5. Nb5 Qd8 6. d4 a6 7. N5c3 Nf6 8. Bg5 Be7 9. Be2 O-O 10. O-O Bf5 11. Be3 Nc6 12. d5 Ne5 13. Bf4 Ng6 14. Bg3 Bd6 15. a4 Bxg3 16. fxg3 Ne7 17. g4 Bg6 18. Bc4 Qd6 19. g5 Bh5 20. Qd2 Ng4 21. Qf4 Qc5+ 22. Kh1 Qxc4 23. h3 Ng6 24. Qc1 N4e5 25. g4 Nxg4 26. hxg4 Bxg4 27. Nd2 Qd4 28. Ndxe4 Nh4 29. Qf4 Bf3+ 30. Rxf3 Nxf3 31. Qxf3 b5 32. Qg4 Kh8 33. Rd1 Qb4 34. b3 bxa4 35. Nxa4 Rae8 36. Nf2 Re1+ 37. Rxe1 Qxe1+ 38. Kg2 f6 39. g6 h6 40. Nc5 f5 41. Qf4 Rf6 42. Qg3 f4 43. Qg4 f3+ 44. Kg3 Rxg6 45. Qxg6 Qg1+ 46. Kxf3 Qxg6 47. c4 Qf5+ 48. Ke3 Qe5+ 49. Kd3 Qg3+ 50. Ke2 Qe5+ 51. Kd3 c6 52. Nxa6 cxd5 53. c5 Qf5+ 54. Ke3 Qe6+ 55. Kd4 Qxa6 56. Kxd5 Qa8+ 57. c6 Qd8+ 58. Ke6 Qc7 59. Kd5 Qf7+ 60. Kd6 Qxf2 61. c7 Qb6+ 62. Kd7 Qxb3 63. c8=Q+ Qg8 64. Qc2 Qf7+ 65. Kd6 Qf4+ 66. Ke6 Qg4+ 67. Kf7 h5 68. Qd3 Qf4+ 69. Kg6 Qg4+ 70. Kf7 Qf4+ 71. Kg6 Qh6+ 72. Kf7 Qf6+ 73. Ke8 h4 74. Qh3 Qg6+ 75. Ke7 Qg3 76. Qc8+ Kh7 77. Qf5+ Qg6 78. Qh3 Qf6+ 79. Ke8 g5 80. Qg4 Qc6+ 81. Kf7 Qg6+ 82. Ke7 Kh6 83. Kf8 Qf6+ 84. Ke8 Qf4 85. Qe6+ Kh5 86. Qe2+ g4 87. Kd7 h3 88. Qe8+ Kh4 89. Qe7+ Kg3 90. Qe1+ Qf2 91. Qe5+ Kg2 92. Qe4+ Qf3 93. Qc2+ Kf1 94. Qc1+ Kg2 95. Qd2+ Kg3 96. Qd6+ Qf4 97. Qd3+ Kh4 98. Qh7+ Kg5 99. Qg7+ Kf5 100. Qf7+ Ke4 101. Qc4+ Kf3 102. Qf1+ Kg3 103. Qe1+ Kg2 104. Qe2+ Qf2 105. Qe4+ Kh2 106. Qxg4 Qa7+ 107. Kc6 Qa8+ 108. Kc7 Qg2 109. Qd1 Qg3+ 110. Kc8 Qg8+ 111. Kb7 Qf7+ 112. Kc8 Qf5+ 113. Kc7 Qf4+ 114. Kc8 Kg3 115. Qg1+ Kh4 116. Qe1+ Kg5 117. Qe7+ Kg4 118. Qg7+ Kh5 119. Qh8+ Qh6 120. Qe5+ Kg6 121. Qe8+ Kg7 122. Qe7+ Kg8 123. Qe5 Qf8+ 124. Kd7 Qg7+ 0-1